 Dungeon Crawl Stone Soup version 0.24.0-13-gcf9b319 (webtiles) character file.

Game seed: 3852154880253363101, levelgen mode: deterministic

302 Fang the Covered (level 6, 0/39 HPs)
             Began as a Gargoyle Fighter on Jan 2, 2020.
             Slain by an ufetubus (3 damage)
             ... summoned by Eustachio
             ... on level 4 of the Dungeon.
             The game lasted 00:04:06 (2399 turns).

Fang the Covered (Gargoyle Fighter)                 Turns: 2399, Time: 00:04:07

Health: 0/39       AC: 17    Str: 21    XL:     6   Next: 37%
Magic:  6/6        EV:  4    Int:  9    God:
Gold:   201        SH:  9    Dex:  9    Spells: 5/5 levels left

rFire    . . .     SeeInvis .   a - +0 war axe
rCold    . . .     Gourm    .   B - +0 shield
rNeg     + . .     Faith    .   b - +1 plate armour
rPois    ∞         Spirit   .   (no helmet)
rElec    +         Reflect  .   (no cloak)
rCorr    .         Harm     .   (no gloves)
MR       .....                  (no boots)
Stlth    ..........             (no amulet)
HPRegen  0.13/turn              (no ring)
MPRegen  0.10/turn              (no ring)

@: no status effects
A: negative energy resistance 1, electricity resistance, unbreathing,
petrification resistance, rot immunity, AC +4
a: no special abilities


You were on level 4 of the Dungeon.
You were hungry.

You visited 1 branch of the dungeon, and saw 4 of its levels.

You collected 201 gold pieces.

Inventory:

Hand Weapons
 a - a +0 war axe (weapon)
Armour
 b - a +1 plate armour (worn)
 B - a +0 shield (worn)
Wands
 j - a wand of disintegration (8)
Scrolls
 e - a scroll of remove curse
 i - a scroll of teleportation
 k - a scroll of magic mapping {unknown}
 l - a scroll of amnesia {unknown}
Potions
 d - a potion of might
 f - 2 potions of curing {unknown}
 h - a potion of heal wounds
 m - 2 potions of mutation {unknown}
Comestibles
 c - 9 rations
 g - 6 chunks of flesh


   Skills:
 + Level 4.6 Fighting
 + Level 3.3 Axes
 + Level 4.8 Armour
 + Level 4.7 Shields


You had 5 spell levels left.
You didn't know any spells.
Your spell library was empty.

Dungeon Overview and Level Annotations

Branches:
Dungeon (4/15)
 Temple: D:4-7

Altars:
Kikubaaqudgha
Makhleb
Yredelemnul
Zin

Annotations:
D:4 Eustachio


Innate Abilities, Weirdness & Mutations

You are resistant to torment.
Your stone body is resilient. (AC +4)
You are immune to poison.
You resist negative energy. (rN+)
You are resistant to electric shocks. (rElec)
You can survive without breathing.
You are immune to petrification.
You are immune to rotting.


Message History

The bat hits you but does no damage. The rat barely misses you.
The ufetubus hits you.
* * * LOW HITPOINT WARNING * * *
The ufetubus hits you.
* * * LOW HITPOINT WARNING * * *
Eustachio casts a spell.
You closely miss the bat.
The bat is heavily wounded.
You hit the river rat.
Your shield and plate armour prevent you from hitting the ufetubus.
You slash the rat!
You kill the rat!
The rat's corpse disappears in a puff of smoke!
You hit the iron imp but do no damage. You slash the rat!
You kill the rat!
The rat's corpse disappears in a puff of smoke!
You block the bat's attack.
The ufetubus hits you but does no damage. x2
The ufetubus hits you.
You die...

.....#.....#
.....##...##
......#...######
..........##.#.#
.......#.......##
.##....#.###....#
.####....###...###
.# #.#........r5###
.# #........b...@§.#
...............§5!##
....##........##@##
...............###
..............##
...............
....###..[. ....
#.... ... ......


You could see Eustachio, an iron imp, a river rat, an ufetubus and a bat.

Vanquished Creatures
  A human (D:3)
  A human zombie (D:3)
  Robin (D:2)
  3 adders
  A worm (D:2)
  2 dart slugs
  5 orcs
  4 giant cockroaches
  15 goblins
  12 hobgoblins
  15 jackals
  5 kobolds
  A quokka (D:3)
  11 bats
  4 frilled lizards
  4 rats
85 creatures vanquished.

Notes
Turn   | Place    | Note
-------+----------+-------------------------------------------
     0 | D:1      | Fang the Gargoyle Fighter began the quest for the Orb.
     0 | D:1      | Reached XP level 1. HP: 14/14 MP: 1/1
   126 | D:1      | Reached XP level 2. HP: 19/19 MP: 2/2
   345 | D:1      | Reached XP level 3. HP: 22/23 MP: 3/3
   710 | D:2      | Found an ancient bone altar of Kikubaaqudgha.
   898 | D:2      | Noticed Robin
   907 | D:2      | Reached XP level 4. HP: 29/29 MP: 4/4
   917 | D:2      | Killed Robin
  1204 | D:2      | Found a glowing silver altar of Zin.
  1533 | D:3      | Found a runed translucent door.
  1533 | D:3      | Noticed a human
  1542 | D:3      | Reached XP level 5. HP: 33/33 MP: 5/5
  1548 | D:3      | Found a basalt altar of Yredelemnul.
  1574 | D:3      | Killed a human
  1574 | D:3      | Reached XP level 6. HP: 25/39 MP: 6/6
  1720 | D:3      | Found a burning altar of Makhleb.
  2348 | D:4      | Noticed Eustachio
  2399 | D:4      | Slain by an ufetubus

Levels and vault maps discovered:
D:1:      shiori_arrival_elements, layout_basic, minmay_hexomino_f4
D:2:      layout_basic, zin_scriptorium, lemuel_crystal_altar,
          guppyfry_early_orc_mine, uniq_robin
D:3:      layout_basic, bloody_makhleb, dk_yredelemnul_ordeal
D:4:      layout_cave_pools, old_standard_altar, minitemple, first_ration,
          kennysheep_generic_room_16, uniq_eustachio, uniq_blork_the_orc

Skill      XL: |  1  2  3  4  5 |
---------------+----------------+-----
Axes           | 2 3 |  3.3
Armour         | 4 |  4.8
Shields        | 4 |  4.7
Fighting       | 4 |  4.6

Action                   |  1- 3 |  4- 6 || total
-------------------------+-------+-------++-------
Melee: War axe           |   154 |   194 ||   348
  Use: Scroll            |     4 |     5 ||     9
  Eat: Chunk             |       |     5 ||     5
Armor: Scale mail        |    76 |       ||    76
       Plate armour      |    59 |   333 ||   392
Dodge: Dodged            |    53 |    84 ||   137
Block: Shield            |    94 |   190 ||   284
